 Dungeon Crawl Stone Soup version 0.27.0-1-g7a089689b8 (webtiles) character file.

Game seed: 5140143961865530038

2918 GordonOverkill the Fighter (level 9, -2/45 HPs)
             Began as a Felid Necromancer on Aug 3, 2021.
             Was a Follower of Vehumet.
             Slain by a death yak (13 damage)
             ... on level 10 of the Dungeon.
             The game lasted 00:38:36 (20837 turns).

GordonOverkill the Fighter (Felid Necromancer)     Turns: 20837, Time: 00:38:36

Health: -2/45      AC:  4    Str:  4    XL:     9   Next: 50%
Magic:  22/22      EV: 23    Int: 19    God:    Vehumet [*.....]
Gold:   510        SH:  0    Dex: 18    Spells: 5/24 levels left
                                        Lives:  0   Deaths: 3

rFire    + . .     SeeInvis +   (weapon unavailable)
rCold    . . .     Faith    .   (shield unavailable)
rNeg     . . .     Spirit   .   (armour unavailable)
rPois    +         Reflect  .   (helmet unavailable)
rElec    .         Harm     .   (cloak unavailable)
rCorr    .         Rampage  .   (gloves unavailable)
Will     +....                  (boots unavailable)
Stlth    ++........             (no amulet)
HPRegen  0.15/turn              f - ring of poison resistance
MPRegen  0.18/turn              s - +4 ring of evasion

@: quick
A: very small, claws 1, fangs 3, see invisible, speed 1, shaggy fur 2, stealthy
paws, no weapons or thrown items, no armour, multi-lived, iridescent scales 1,
fire resistance 1
a: Renounce Religion


You were on level 10 of the Dungeon.
You worshipped Vehumet.
Vehumet was aware of your devotion.
You visited 2 branches of the dungeon, and saw 13 of its levels.

You collected 719 gold pieces.
You spent 209 gold pieces at shops.

Inventory:

Jewellery
 f - a ring of poison resistance (left paw)
 s - a +4 ring of evasion (right paw)
 v - a ring of ice
 y - a ring of resist corrosion
Wands
 g - a wand of iceblast (10)
 i - a wand of flame (18)
 r - a wand of polymorph (24)
 t - a wand of mindburst (23)
Scrolls
 a - a scroll of magic mapping
 b - a scroll of identify
 e - a scroll of holy word
 j - a scroll of amnesia
 m - 2 scrolls of enchant weapon {unknown}
 q - 4 scrolls of teleportation
 u - a scroll of immolation
 x - a scroll of torment {unknown}
Potions
 c - 2 potions of might
 d - a potion of cancellation
 h - 3 potions of curing
 k - a potion of flight
 l - 2 potions of mutation
 o - a potion of berserk rage
 p - a potion of magic
 z - a potion of haste
 A - 3 potions of brilliance


   Skills:
 + Level 8.9 Fighting
 - Level 5.0 Dodging
 - Level 2.6 Stealth
 - Level 8.0 Spellcasting
 + Level 2.5 Conjurations
 + Level 4.5 Summonings
 - Level 6.0 Necromancy
 - Level 5.0 Transmutations
 + Level 6.9 Ice Magic
 - Level 3.0 Evocations


You had 5 spell levels left.
You knew the following spells:

 Your Spells              Type           Power      Damage    Failure   Level
a - Pain                  Necr           100%       1d9       1%          1
b - Vampiric Draining     Necr           15%        2d8       2%          3
c - Dispel Undead         Necr           30%        3d14      8%          4
d - Frozen Ramparts       Ice            66%        1d8       1%          3
e - Summon Ice Beast      Ice/Summ       29%        N/A       9%          4
f - Ice Form              Ice/Tmut       30%        N/A       8%          4

Your spell library contained the following spells:

 Spells                   Type           Power      Damage    Failure   Level
 Freeze                   Ice            100%       1d11      1%          1
 Animate Skeleton         Necr           60%        N/A       1%          1
 Corpse Rot               Necr/Air       N/A        N/A       4%          2
 Animate Dead             Necr           15%        N/A       8%          4
 Agony                    Necr           30%        N/A       22%         5
 Gell's Gravitas          Tloc           3%         N/A       26%         3
 Lesser Beckoning         Tloc           3%         N/A       26%         3
 Teleport Other           Tloc           7%         N/A       26%         3
 Blade Hands              Tmut           13%        N/A       32%         5
 Fulminant Prism          Conj/Hex       6%         3d7       47%         4
 Irradiate                Conj/Tmut      10%        3d17      47%         5
 Leda's Liquefaction      Hex/Erth       3%         N/A       65%         4
 Fireball                 Conj/Fire      6%         3d5       83%         5
 Death Channel            Necr           15%        N/A       75%         6
 Chain Lightning          Conj/Air       6%         3d8       100%        9
 Excruciating Wounds      Necr           Unusable   N/A       N/A         5
 Portal Projectile        Hex/Tloc       Unusable   N/A       N/A         3

Dungeon Overview and Level Annotations

Branches:
Dungeon (12/15)            Temple (1/1) D:7
   Lair: D:8-11         Orc: D:9-12

Altars:
Ashenzari
Cheibriados
Dithmenos
Elyvilon
Fedhas
Gozag
Makhleb
Okawaru
Qazlal
Ru
Sif Muna
Trog
Uskayaw
Vehumet
Wu Jian
Xom
Yredelemnul
Zin
The Shining One

Shops:
D:4 *   D:11 ?

Annotations:
D:3 2 runed translucent doors, NikiYani's ghost, novice DEFE
D:9 exclusion: boulder beetle
D:10 Erica


Innate Abilities, Weirdness & Mutations

You have sharp claws.
You have razor-sharp teeth.
You have supernaturally acute eyesight. (SInv)
You cover ground quickly. (Speed+)
You are covered in thick fur. (AC +2)
Your paws help you pounce on unaware monsters.
You are incapable of wielding weapons or throwing items.
You cannot wear armour.
You gain extra lives every three experience levels.
You are partially covered in iridescent scales. (AC +2)
Your flesh is heat resistant. (rF+)


Message History

You open the door.
There is an open door here.
You open the door.
There is an open door here.
There is an open door here.
There is an open door here.
You open the door.
There is an open door here.
There is an open door here.
As you open the door, it creaks loudly!
There is an open door here.
There is an entrance to Nighis's Magic Scroll Emporium here.
A centaur warrior is nearby!
The centaur warrior shouts!
The centaur warrior wields a +0 shortbow.
The centaur warrior shoots an arrow.
The arrow hits you!
* * * LOW HITPOINT WARNING * * *
The centaur warrior shoots an arrow.
The arrow barely misses you.
The centaur warrior shoots an arrow.
The arrow hits you!!
* * * LOW HITPOINT WARNING * * *
Casting: Vampiric Draining (dangerous; 2% risk of failure)
Confirm with . or Enter, or press ? or * to list all spells.
Casting: Frozen Ramparts (safe; 1% risk of failure)
Press: ? - help, Dir - look around, f - activate
Okay, then.
As you read the scroll of fog, it crumbles to dust.
The scroll dissolves into smoke.
As you read the scroll of teleportation, it crumbles to dust.
You feel strangely unstable.
Your surroundings suddenly seem different.
There is a stone staircase leading up, spattered with blood here.
You climb upwards.
Level annotation: Erica The death yak bellows!
A death yak comes into view.
The yak completely misses you. The yak misses you.
The yak closely misses you. x2
The death yak closely misses you.
There is a stone staircase leading down here.
The death yak gores you!
You die...

##########
#.@YY.....
..####
#.YYY..#..
..$...
#..).Y....
......
#.........
..Y...
#.....Y...
......
#......Y..
..#...
#.........
......
#....$....
#. #.


You could see 3 death yaks and 5 yaks.

Vanquished Creatures
  A skeletal warrior (D:10)
  A cyclops (D:7)
  Maurice (D:8)
  A kobold demonologist (D:11)
  2 vampires (D:11)
  3 wyverns
  12 yaks
  A wraith (D:11)
  A steam dragon (D:7)
  A water moccasin (D:8)
  7 orc warriors
  2 sky beasts
  2 black bears
  A phantom (D:3)
  3 centaurs
  A kobold brigand (D:11)
  4 scorpions
  3 bullfrogs
  A wyvern zombie (D:7)
  A wyvern skeleton (D:6)
  A water moccasin skeleton (D:3)
  6 killer bees
  4 howler monkeys
  4 centaur zombies
  5 hounds
  2 jellies (D:4)
  2 centaur skeletons
  4 orc priests
  A bullfrog skeleton (D:4)
  4 iguanas
  4 orc wizards
  5 gnolls
  6 adders
  A shadow imp (D:6)
  2 white imps
  2 ufetubi
  2 worms (D:3)
  An adder skeleton (D:4)
  4 dart slugs
  31 orcs
  4 ball pythons
  4 bats
  9 endoplasms
  5 giant cockroaches
  8 goblins
  4 hobgoblins
  6 jackals
  10 kobolds
  4 quokkas
  2 frilled lizards
  5 rats
201 creatures vanquished.

Vanquished Creatures (collateral kills)
  A hydra (D:11)
  2 ugly things (D:11)
  An ice beast (D:7)
  A necrophage (D:7)
  A white imp (D:8)
6 creatures vanquished.

Grand Total: 207 creatures vanquished

Notes
Turn   | Place    | Note
-------+----------+-------------------------------------------
     0 | D:1      | GordonOverkill the Felid Necromancer began the quest for
                  | the Orb.
     0 | D:1      | Reached XP level 1. HP: 7/7 MP: 4/4
   113 | D:1      | Reached skill level 1 in Fighting
   113 | D:1      | Reached XP level 2. HP: 7/12 MP: 1/6
  1617 | D:1      | Reached XP level 3. HP: 12/16 MP: 4/8
  1621 | D:1      | Learned a level 3 spell: Vampiric Draining
  2761 | D:2      | Found a faded altar of an unknown god.
  3753 | D:3      | You fall into a shaft and drop 2 floors!
  3753 | D:5      | Entered Level 5 of the Dungeon
  4380 | D:3      | Reached XP level 4. HP: 6/20 MP: 1/9
  6322 | D:3      | Found a shadowy altar of Dithmenos.
  6442 | D:3      | Reached XP level 5. HP: 14/24 MP: 2/11
  6687 | D:3      | Found a large runed translucent door.
  6687 | D:3      | Found a large runed translucent door.
  6689 | D:3      | Noticed NikiYani's ghost (novice DEFE)
  7011 | D:4      | Noticed a phantom
  7535 | D:3      | Killed a phantom
  7536 | D:3      | Gained mutation: You are covered in thick fur. (AC +2)
                  | [Felid growth]
  7536 | D:3      | Reached XP level 6. HP: 21/28 MP: 13/13
  8205 | D:4      | Found Ukukow's General Store.
  8286 | D:4      | Bought a potion of heal wounds for 50 gold pieces
  8582 | D:4      | Reached skill level 5 in Spellcasting
  8816 | D:4      | Reached skill level 5 in Fighting
  8816 | D:4      | Reached XP level 7. HP: 33/33 MP: 4/15
  9979 | D:5      | Reached skill level 1 in Evocations
 10203 | D:5      | Reached XP level 8. HP: 24/38 MP: 18/18
 13104 | D:7      | Reached XP level 9. HP: 44/44 MP: 8/21
 13291 | D:7      | Learned a level 4 spell: Dispel Undead
 13295 | D:7      | Learned a level 3 spell: Frozen Ramparts
 13300 | D:7      | Learned a level 4 spell: Summon Ice Beast
 13305 | D:7      | Learned a level 4 spell: Ice Form
 13568 | D:7      | Found a staircase to the Ecumenical Temple.
 13634 | Temple   | Entered the Ecumenical Temple
 13850 | Temple   | Became a worshipper of Vehumet
 13977 | D:7      | Engulfed by a steam dragon's steam
 13978 | D:7      | Reached XP level 8. HP: -1/40 MP: 1/20
 13991 | D:7      | Reached skill level 1 in Summonings
 13991 | D:7      | Reached skill level 1 in Transmutations
 13991 | D:7      | Reached skill level 1 in Ice Magic
 14201 | D:7      | Noticed a cyclops
 14209 | D:7      | Killed a cyclops
 14601 | D:7      | Reached skill level 5 in Necromancy
 14601 | D:7      | Reached XP level 9. HP: 44/44 MP: 9/22
 15505 | D:8      | Reached * piety under Vehumet
 15505 | D:8      | Offered knowledge of Freeze by Vehumet.
 15680 | D:8      | Noticed Maurice
 15698 | D:8      | Killed Maurice
 15904 | D:8      | Reached skill level 5 in Transmutations
 16241 | D:8      | Reached skill level 5 in Ice Magic
 16536 | D:8      | Reached XP level 10. HP: 36/48 MP: 8/23
 16832 | D:8      | Gained mutation: Your flesh is heat resistant. (rF+)
                  | [potion of mutation]
 16832 | D:8      | Gained mutation: You are partially covered in iridescent
                  | scales. (AC +2) [potion of mutation]
 16895 | D:9      | Noticed a boulder beetle
 17697 | D:10     | Entered Level 10 of the Dungeon
 18096 | D:10     | Identified a scroll of acquirement
 18097 | D:10     | Acquired the Reference Book on Harmful Clay
 18252 | D:10     | Noticed a skeletal warrior
 18399 | D:10     | Killed a skeletal warrior
 18400 | D:10     | Reached skill level 1 in Conjurations
 18613 | D:10     | Noticed a skeletal warrior
 18812 | D:10     | Noticed a death yak
 19112 | D:11     | Noticed a four-headed hydra
 19120 | D:11     | Killed a four-headed hydra
 19125 | D:11     | Noticed a centaur warrior
 19132 | D:11     | Noticed a centaur warrior
 19136 | D:11     | Slain by a centaur warrior
 19137 | D:11     | Reached XP level 9. HP: -2/45 MP: 5/22
 19147 | D:11     | Found Nighis's Magic Scroll Emporium.
 19150 | D:11     | Noticed a cyan ugly thing
 19167 | D:11     | Killed a cyan ugly thing
 19247 | D:11     | Bought a scroll of summoning for 104 gold pieces
 19247 | D:11     | Bought a scroll of teleportation for 33 gold pieces
 19247 | D:11     | Bought a scroll of fog for 22 gold pieces
 19307 | D:11     | Noticed a kobold demonologist
 19318 | D:11     | Noticed a sixfirhy
 19318 | D:11     | Killed a kobold demonologist
 19492 | D:11     | HP: 2/45 [centaur warrior (7)]
 19494 | D:11     | Shot with an arrow by a centaur warrior
 19495 | D:11     | Reached XP level 8. HP: -35/41 MP: 16/21
 19503 | D:11     | Reached skill level 5 in Dodging
 19630 | D:11     | Reached XP level 9. HP: 45/45 MP: 9/22
 19994 | D:11     | Noticed a brown ugly thing
 20009 | D:11     | Killed a brown ugly thing
 20236 | D:10     | Noticed Erica
 20236 | D:10     | Noticed a death yak
 20836 | D:10     | Noticed a death yak
 20837 | D:10     | Slain by a death yak

Illustrated notes

Levels and vault maps discovered:
D:1:      eino_arrival_druids_welcome, layout_basic
D:2:      layout_loops_corners, basic_ecumenical_altar, serial_forest,
          infiniplex_forest_clump_small, infiniplex_forest_clump_medium,
          infiniplex_forest_zigzag_1, infiniplex_forest_3_way,
          infiniplex_forest_end_3, infiniplex_forest_diagonal,
          infiniplex_forest_end_2
D:3:      layout_loops_ring, nicolae_dithmenos_shadow_blocks,
          ebering_ghost_disaster_area
D:4:      layout_rooms, serial_shops, nicolae_shop_trees
D:5:      layout_cave_pools
D:6:      layout_loops_ring, grunt_decor_fettered, kennysheep_nub,
          hangedman_decor_slide_cut
D:7:      layout_basic, minmay_temple_entry_antechambers, st_stairs_5,
          minmay_between
D:8:      layout_basic, minmay_quadrilaterals, uniq_maurice
D:9:      layout_loops_ring
D:10:     layout_roguey, dpeg_lair_monsters, uniq_erica
D:11:     layout_grid_maze, serial_shops, nicolae_square_shop, hex_medium,
          minmay_checkerbox
D:12:     layout_basic, erik_orc_1, uniq_jorgrun
Temple:   roderic_octagonal_lattice_temple

Skill      XL: |  1  2  3  4  5  6  7  8  9 10 |
---------------+-------------------------------+-----
Fighting       | 1 2 3 4 5 6 8 |  8.9
Spellcasting   | 3 4 5 6 8 |  8.0
Evocations     | 1 3 |  3.0
Summonings     | 2 4 |  4.5
Transmutations | 3 5 |  5.0
Ice Magic      | 2 5 6 |  6.9
Necromancy     | 5 6 |  6.0
Dodging        | 5 4 |  5.0
Conjurations   | 2 1 |  2.5
Stealth        | |  2.6

Action                   |  1- 3 |  4- 6 |  7- 9 | 10-12 || total
-------------------------+-------+-------+-------+-------++-------
Melee: Unarmed           |     5 |    61 |   125 |    32 ||   223
       Bite              |     1 |     5 |    14 |     5 ||    25
 Cast: Pain              |    81 |    88 |   136 |    10 ||   315
       Vampiric Draining |       |    13 |   116 |    13 ||   142
       Frozen Ramparts   |       |       |    26 |     8 ||    34
       Summon Ice Beast  |       |       |    15 |    12 ||    27
       Dispel Undead     |       |       |     9 |     7 ||    16
Evoke: Wand              |       |     5 |    17 |     3 ||    25
  Use: Scroll            |       |     5 |    11 |    11 ||    27
       Potion            |       |       |     3 |     4 ||     7
 Stab: Sleeping          |       |       |     5 |       ||     5
Armor: Skin              |     1 |     9 |    32 |    18 ||    60
Dodge: Dodged            |    22 |   122 |   362 |    83 ||   589
